 Dungeon Crawl Stone Soup version 0.31.0-32-g396128a36d (webtiles) character file.

Game seed: 7958512387125006856

451 spaghetti the Slasher (level 7, -2/93 HPs)
             Began as a Naga Berserker on Apr 9, 2024.
             Was a Believer of Trog.
             Slain by Ijyb
             ... wielding a +8 club
              (10 damage)
             ... on level 5 of the Dungeon.
             The game lasted 00:04:09 (3303 turns).

spaghetti the Slasher (Naga Berserker)              Turns: 3303, Time: 00:04:10

Health: -2/93      AC:  6    Str: 18 (19) XL:     7   Next: 4%
Magic:  7/7        EV:  9    Int:  7      God:    Trog [**....]
Gold:   247        SH:  0    Dex: 13      Spells: 6/6 levels left

rFire   . . .        l - +2 long sword (freeze)
rCold   . . .        (no shield)
rNeg    . . .        h - +1 leather armour {Will+}
rPois   +            e - +0 helmet
rElec   .            (no cloak)
rCorr   .            (no gloves)
SInv    +            (no barding)
Will    +....        (no amulet) Stlth
                     (no ring)
HPRegen 0.35/turn    (no ring)
MPRegen 0.10/turn

%: no passive effects
@: berserking (expiring), quick
A: AC +2, large, see invisible, deformed body, poison resistance, slowness 2,
spit poison 1, naga tail 1
a: Spit Poison, Renounce Religion, Berserk, Trog's Hand


You were on level 5 of the Dungeon.
You worshipped Trog.
Trog was pleased with you.
You visited 1 branch of the dungeon, and saw 5 of its levels.

You collected 247 gold pieces.

Inventory:

Hand Weapons
 a - a +0 falchion
 l - a +2 long sword of freezing (weapon)
Armour
 b - a +0 animal skin
 e - a +0 helmet (worn)
 h - a +1 leather armour of willpower (worn)
Wands
 m - a wand of flame (5)
Scrolls
 d - 2 scrolls of teleportation
 g - 4 scrolls of fear
Potions
 c - 3 potions of haste
 f - 2 potions of degeneration
 i - 2 potions of curing
 j - a potion of mutation {unknown}
 k - a potion of lignification
 n - 2 potions of heal wounds


   Skills:
 - Level 3.0 Fighting
 + Level 7.7 Long Blades
 - Level 1.5 Armour
 - Level 1.5 Dodging


You had 6 spell levels left.
You didn't know any spells.
Your spell library contained the following spells:

 Spells                   Type           Power      Damage    Failure   Level
 Freeze                   Ice            0%         1d3       50%         1
 Cigotuvi's Dreadful Rot  Necr/Alch/Air  0%         N/A       63%         2
 Ensorcelled Hibernation  Hex/Ice        0%         N/A       63%         2
 Frozen Ramparts          Ice            0%         1d1       86%         3
 Hailstorm                Conj/Ice       0%         3d5       86%         3
 Passwall                 Erth           0%         N/A       86%         3
 Summon Ice Beast         Ice/Summ       0%         N/A       86%         3
 Swiftness                Air            0%         N/A       86%         3
 Ignite Poison            Fire/Alch      0%         N/A       99%         4
 Freezing Cloud           Conj/Ice/Air   0%         6-21      100%        5
 Summon Mana Viper        Hex/Summ       0%         N/A       100%        5
 Monstrous Menagerie      Summ           0%         N/A       100%        7


Dungeon Overview and Level Annotations

Branches:
Dungeon (5/15)
 Temple: D:4-7

Altars:
Fedhas
Okawaru
Uskayaw

Annotations:
D:3 4 runed translucent doors, Crazy Yiuf; PsychoBan's ghost, weakling DrSh
D:5 Ijyb


Innate Abilities, Weirdness & Mutations

Your serpentine skin is tough. (AC +2)
You have supernaturally acute eyesight. (SInv)
Armour fits poorly on your strangely shaped body.
Your system is resistant to poisons. (rPois)
You cover ground very slowly.
You can spit poison.
You have a snake-like lower body.


Message History

Ijyb is severely wounded.
The ufetubus hits you. x2
The ufetubus hits you but does no damage.
The ufetubus misses you.
You closely miss Ijyb.
Ijyb is severely wounded.
The ufetubus barely misses you.
The ufetubus hits you but does no damage.
The ufetubus hits you. The ufetubus closely misses you.
Ijyb hits you with a +8 club!
* * * LOW HITPOINT WARNING * * *
You bump into the rock wall.
The ufetubus hits you but does no damage. x2
The ufetubus closely misses you.
The ufetubus hits you but does no damage.
Ijyb screams, "No!
No, no, no, no!"
Ijyb hits you with a +8 club!
* * * LOW HITPOINT WARNING * * *
You miss the ufetubus.
The ufetubus is heavily wounded.
The ufetubus hits you.
* * * LOW HITPOINT WARNING * * *
The ufetubus hits you but does no damage. x2
The ufetubus barely misses you.
Unknown command.
Unknown command.
You're too confused to move!
You feel less confused. The ufetubus barely misses you.
The ufetubus hits you but does no damage. x3
Ijyb hits you with a +8 club.
* * * LOW HITPOINT WARNING * * *
Unknown command.
Unknown command.
You barely miss Ijyb.
Ijyb is severely wounded.
The ufetubus misses you. x2
The ufetubus hits you but does no damage.
The ufetubus closely misses you. Ijyb hits you with a +8 club!
You die...

#<.....#
#......#
#......# #
#......#. #.
#........
#.##......#.
#.........#
#...5######
#...@# #...5g#
#......#
#.!.....?
...........
.!........).#
.....###.......
..... .....#.


You could see Ijyb and 2 ufetubi.

Vanquished Creatures
  Grinder (D:3)
  A bombardier beetle (D:3)
  3 iguanas
  Terence (D:3)
  2 adders (D:4)
  3 dart slugs
  10 orcs
  5 ball pythons
  3 bats
  5 endoplasms
  2 giant cockroaches
  8 goblins
  10 hobgoblins
  3 jackals (D:1)
  3 quokkas
  2 frilled lizards
  5 kobolds
  4 rats
71 creatures vanquished.

Notes
Turn   | Place    | Note
-------+----------+-------------------------------------------
     0 | D:1      | spaghetti the Naga Berserker began the quest for the Orb.
     0 | D:1      | Reached XP level 1. HP: 21/21 MP: 1/1
   155 | D:1      | Reached XP level 2. HP: 8/28 MP: 2/2
   588 | D:1      | Reached skill level 4 in Long Blades
   839 | D:2      | Reached XP level 3. HP: 34/34 MP: 3/3
  1411 | D:3      | Noticed Terence
  1424 | D:3      | Killed Terence
  1425 | D:3      | Reached skill level 5 in Long Blades
  1425 | D:3      | Reached XP level 4. HP: 39/42 MP: 4/4
  1516 | D:3      | Found a blossoming altar of Fedhas.
  1549 | D:3      | Reached ** piety under Trog
  1550 | D:3      | Reached XP level 5. HP: 48/49 MP: 5/5
  1590 | D:3      | Found a runed translucent gate.
  1590 | D:3      | Found a runed translucent gate.
  1590 | D:3      | Found a runed translucent gate.
  1661 | D:3      | Noticed PsychoBan's ghost (weakling DrSh)
  1989 | D:3      | Noticed Grinder
  2002 | D:3      | Killed Grinder
  2003 | D:3      | Reached skill level 7 in Long Blades
  2003 | D:3      | Reached XP level 6. HP: 36/56 MP: 6/6
  2205 | D:3      | Found a runed translucent door.
  2206 | D:3      | Noticed Crazy Yiuf
  2501 | D:4      | Found a hide-covered altar of Uskayaw.
  2928 | D:4      | Found an iron altar of Okawaru.
  2944 | D:4      | Identified the +3 hand axe "Huolus" {speed, rPois rF+
                  | Dex-4}
  3116 | D:5      | Entered Level 5 of the Dungeon
  3136 | D:5      | Reached XP level 7. HP: 24/62 MP: 7/7
  3285 | D:5      | Noticed Ijyb
  3303 | D:5      | Slain by Ijyb

Illustrated notes

Levels and vault maps discovered:
D:1:      orjb1_clovarrival, layout_rooms, serial_corexii_hall,
          corexii_hall_statues_x, corexii_hall_statues_u
D:2:      layout_basic, guppyfry_early_orc_mine
D:3:      layout_basic, fedhas_ov_isle_minmay, gammafunk_ghost_necromancy,
          uniq_crazy_yiuf_cottage, uniq_terence, uniq_grinder
D:4:      minmay_general_purpose_star, layout_basic, okawaru_ov_weapons_minmay,
          nicolae_overflow_hidden_temple
D:5:      gammafunk_cloud_chamber, layout_basic, kennysheep_mini,
          minmay_temple_entry_crystal_x, minmay_splitting_lines, uniq_ijyb,
          uniq_prince_ribbit1

Skill      XL: |  1  2  3  4  5 |
---------------+----------------+-----
Long Blades    | 4 5 7 |  7.7
Fighting       | |  3.0
Armour         | |  1.5
Dodging        | |  1.5

Action                     |  1- 3 |  4- 6 |  7- 9 || total
---------------------------+-------+-------+-------++-------
  Melee: Falchion          |   105 |     9 |       ||   114
         Punch             |     1 |     1 |     2 ||     4
         Long sword        |       |   118 |    15 ||   133
 Invoke: Berserk           |     5 |     2 |     1 ||     8
Ability: Spit Poison       |     1 |     1 |       ||     2
    Use: Scroll            |     4 |     2 |       ||     6
         Potion            |     2 |     4 |       ||     6
 Armour: Animal skin       |    66 |       |       ||    66
         Leather armour    |    22 |    76 |    58 ||   156
  Dodge: Dodged            |    60 |    57 |    38 ||   155
